 Dungeon Crawl Stone Soup version 0.31.0-32-g396128a36d (webtiles) character file.

Game seed: 4748147148912799395

338 Alphaeus the Ruffian (level 6, -4/41 HPs)
             Began as an Octopode Shapeshifter on Mar 19, 2024.
             Was a Follower of Wu Jian.
             Slain by a crocodile (16 damage)
             ... in a sewer.
             The game lasted 00:02:22 (2097 turns).

Alphaeus the Ruffian (Octopode Shapeshifter)        Turns: 2097, Time: 00:02:23

Health: -4/41      AC:  1    Str: 15    XL:     6   Next: 55%
Magic:  6/6        EV: 13    Int: 13    God:    Wu Jian [*.....]
Gold:   172        SH:  0    Dex: 11    Spells: 5/5 levels left

rFire   . .          .
                       - Unarmed
rCold   . . .        (no shield)
rNeg    . . .        (helmet currently unavailable)
rPois   .            (no amulet)
rElec   .            (no ring)
rCorr   .            (no ring)
SInv    .            (no ring)
Will    .....        (no ring)
Stlth   +++          (no ring)
HPRegen 0.26/turn    (no ring)
MPRegen 0.10/turn    (no ring)
                     (no ring)

%: no passive effects
@: beast-form, invisible
A: beast (slay +2), almost no armour, amphibious, 8 rings, camouflage 1,
gelatinous body 1, nimble swimmer 1, tentacles
a: Begin Untransformation, Renounce Religion


You were in a sewer.
You worshipped Wu Jian.
Wu Jian was aware of your devotion.
You were a hulking beast.
You visited 1 branch of the dungeon, and saw 3 of its levels.
You also visited: Sewer.

You collected 172 gold pieces.

Inventory:

Talismans
 b - a beast talisman
 c - a flux talisman
Scrolls
 f - 5 scrolls of identify {unknown}
 g - a scroll of torment {unknown}
 h - a scroll of brand weapon {unknown}
 l - a scroll of enchant armour {unknown}
 m - 2 scrolls of blinking {unknown}
 o - 3 scrolls of teleportation {unknown}
 p - 2 scrolls of fear {unknown}
 q - 2 scrolls of fog {unknown}
 r - 2 scrolls of amnesia {unknown}
 u - a scroll of acquirement {unknown}
 v - a scroll of revelation {unknown}
Potions
 a - 2 potions of lignification
 d - a potion of heal wounds {unknown}
 e - 2 potions of invisibility
 i - a potion of curing {unknown}
 j - 2 potions of might {unknown}
 k - a potion of cancellation {unknown}
 n - a potion of enlightenment {unknown}
 s - a potion of mutation {unknown}
 t - a potion of degeneration {unknown}
 w - a potion of resistance {unknown}


   Skills:
 + Level 2.6 Fighting
 + Level 3.1 Dodging
 * Level 4.8 Unarmed Combat
 * Level 4.5 Shapeshifting


You had 5 spell levels left.
You didn't know any spells.
Your spell library contained the following spells:

 Spells                   Type           Power      Damage    Failure   Level
 Call Imp                 Summ           0%         N/A       43%         2
 Sublimation of Blood     Necr           0%         N/A       43%         2
 Summon Hydra             Summ           0%         N/A       100%        7


Dungeon Overview and Level Annotations

Branches:
Dungeon (3/15)              Sewer (1/1)

Altars:
Wu Jian


Innate Abilities, Weirdness & Mutations

You are a hulking beast.
Your limbs bulge with bestial killing power. (Slay +2)
You cannot wear most types of armour.
You are amphibious.
You can wear up to eight rings at the same time.
Your skin changes colour to match your surroundings (Stealth+).
Your rubbery body absorbs attacks. (AC +1, EV +1)
You are camouflaged when in or above water. (Stealth+)
You have tentacles for arms and can constrict up to eight enemies at once.


Message History

You enter the shallow water.
You enter the shallow water.
A crocodile comes into view.
Found three items.
Found a gate leading back out of this place.
A crocodile is nearby!
A kobold comes into view. It is wielding a +0 club.
Found a scroll labelled OPASAR DEOPT.
You lunge at the crocodile.
You barely miss the crocodile.
The kobold shouts!
The crocodile bites you!
You tentacle-slap the crocodile.
The crocodile is lightly wounded.
The crocodile bites you!
You bludgeon the crocodile!
Your tentacle-slap misses the crocodile.
The crocodile is moderately wounded.
The crocodile closely misses you.
You tentacle-slap the crocodile. You squeeze the crocodile.
The crocodile is severely wounded.
The crocodile bites you!
* * * LOW HITPOINT WARNING * * *
You are too injured to fight recklessly!
You are too injured to fight recklessly!
You are too injured to fight recklessly!
You are too injured to fight recklessly!
You are too injured to fight recklessly!
You are too injured to fight recklessly!
You are too injured to fight recklessly!
You are too injured to fight recklessly!
You are too injured to fight recklessly!
You are too injured to fight recklessly!
You are too injured to fight recklessly!
You are too injured to fight recklessly!
You are too injured to fight recklessly!
You are too injured to fight recklessly!
It was a potion of invisibility.
You fade into invisibility!
The crocodile bites you!
You die...

~~~~~~.~∩~~≈≈≈≈≈~~.~.~~~~.~.~.
..####~~...#####.....####.....
##.~.#######.~.## ##...#
##≈####~####≈## ##~##
#≈###~!.###≈# #~# #≈# ~?∩?.
#≈# #~# #≈# .K. #≈# #~# ##≈##
#l# ##≈## ##~##
##~~.###h###~~.## ##~.~#
~####~....##≈##...~~####..~..
~.~~~~~.~.~≈≈≈≈≈~.∩~.~~~~...~.
~.####....~#####~.~..####..~..
##.~.## ##.~~## ##.~~# ##~##
##~## ##### #~# #~# #~# #†#
##~## ##~##


You could see a crocodile and a kobold.

Vanquished Creatures
  Sigmund (D:2)
  An orc priest (D:2)
  Jessica (D:3)
  Terence (D:3)
  4 adders
  A river rat (Sewer)
  2 dart slugs
  5 ribbon worms
  2 orcs (D:2)
  A bat (D:1)
  5 endoplasms
  5 goblins
  3 hobgoblins
  7 kobolds
  3 quokkas
  3 ball pythons
  4 frilled lizards
  6 rats
55 creatures vanquished.

Notes
Turn   | Place    | Note
-------+----------+-------------------------------------------
     0 | D:1      | Alphaeus the Octopode Shapeshifter began the quest for the
                  | Orb.
     0 | D:1      | Reached XP level 1. HP: 13/13 MP: 1/1
   311 | D:1      | Reached XP level 2. HP: 14/18 MP: 2/2
  1028 | D:2      | Reached XP level 3. HP: 22/23 MP: 3/3
  1135 | D:2      | Reached XP level 4. HP: 26/29 MP: 4/4
  1407 | D:2      | Found a faded altar of an unknown god.
  1435 | D:2      | Noticed Sigmund
  1462 | D:2      | Killed Sigmund
  1463 | D:2      | Reached XP level 5. HP: 6/35 MP: 5/5
  1463 | D:2      | Reached XP level 6. HP: 7/40 MP: 6/6
  1668 | D:2      | Prayed at the altar of an unknown god.
  1668 | D:2      | Became a worshipper of the Wu Jian Council
  1668 | D:2      | Reached * piety under Wu Jian
  1728 | D:3      | Noticed Jessica
  1737 | D:3      | Killed Jessica
  1829 | D:3      | Noticed Terence
  1836 | D:3      | Killed Terence
  1902 | D:3      | Found a glowing drain.
  1921 | Sewer    | Entered a sewer
  2097 | Sewer    | Slain by a crocodile

Illustrated notes

Levels and vault maps discovered:
D:1:      matt_arrival_refuge, layout_loops_corners
D:2:      cheibrodos_pilgrimage, layout_rooms, chequers_ecumenical_altar_island,
          uniq_sigmund
D:3:      layout_basic, zin_academy, cheibrodos_sewer_entry_drain, st_stairs_10,
          chequers_serial_rivers_micro_c, uniq_jessica, uniq_terence
Sewer:    sewer_co_15_rooms

Skill      XL: |  1  2  3  4 |
---------------+-------------+-----
Fighting       | 2 |  2.6
Dodging        | 3 |  3.1
Unarmed Combat | 4 |  4.8
Shapeshifting  | 4 |  4.5

Action                     |  1- 3 |  4- 6 || total
---------------------------+-------+-------++-------
  Melee: Unarmed           |    41 |    75 ||   116
         Constrict         |    10 |    20 ||    30
         Tentacles         |     5 |    22 ||    27
Ability: Lunge             |       |     5 ||     5
         Whirlwind         |       |     1 ||     1
    Use: Potion            |       |     1 ||     1
   Stab: Sleeping          |     5 |     1 ||     6
 Armour: Skin              |    16 |    27 ||    43
  Dodge: Dodged            |    17 |    35 ||    52
